 Dungeon Crawl Stone Soup version 0.31-a0-331-geda263fcf1 (webtiles) character file.

Game seed: 12584122867601630716

4272 holysushi the Martial Artist (level 10, -6/63 HPs)
             Began as an Octopode Shapeshifter on July 19, 2023.
             Mangled by a hornet (10 damage)
             ... on level 8 of the Dungeon.
             The game lasted 00:12:58 (8665 turns).

holysushi the Martial Artist (OpSh)                 Turns: 8665, Time: 00:12:58

Health: -6/63      AC:  1    Str: 21    XL:     10   Next: 31%
Magic:  10/10      EV: 16    Int: 10    God:
Gold:   168        SH:  0    Dex: 17    Spells: 9/9 levels left

rFire   . .          .
                       - Unarmed
rCold   . . .        (no shield)
rNeg    . . .        (helmet currently unavailable)
rPois   .            (no amulet)
rElec   .            g - ring of see invisible
rCorr   .            t - +6 ring of strength
SInv    +            (no ring)
Will    .....        (no ring)
Stlth   +++          (no ring)
HPRegen 0.30/turn    (no ring)
MPRegen 0.12/turn    (no ring)
                     (no ring)

%: no passive effects
@: lethally poisoned (-6 -> -10), beast-form, slowed, very slow
A: beast (slay +5), almost no armour, amphibious, 8 rings, camouflage 1,
gelatinous body 1, (nimble swimmer 1), tentacles
a: Begin Untransformation


You were on level 8 of the Dungeon.
You were a hulking beast.
You visited 2 branches of the dungeon, and saw 9 of its levels.

You collected 448 gold pieces.
You spent 280 gold pieces at shops.

Inventory:

Jewellery
 g - a ring of see invisible (left tentacle)
 t - a +6 ring of strength (right tentacle)
Talismans
 b - a beast talisman
Wands
 e - a wand of digging (9)
 h - a wand of mindburst (8)
 o - a wand of polymorph (14)
Scrolls
 c - 3 scrolls of immolation
 i - 2 scrolls of amnesia
 j - 3 scrolls of teleportation
 k - a scroll of revelation
 n - 2 scrolls of poison
 p - 2 scrolls of enchant armour {unknown}
 r - a scroll of fog {unknown}
 s - 3 scrolls of identify
 u - a scroll of torment {unknown}
Potions
 a - a potion of lignification
 d - a potion of haste
 f - 2 potions of mutation
 l - a potion of might
 m - 2 potions of curing
 q - a potion of resistance
 v - 2 potions of enlightenment
 w - a potion of heal wounds


   Skills:
 - Level 3.0 Fighting
 - Level 6.0 Dodging
 + Level 9.5 Unarmed Combat
 - Level 3.0 Evocations
 + Level 8.3 Shapeshifting


You had 9 spell levels left.
You didn't know any spells.
Your spell library contained the following spells:

 Spells                   Type           Power      Damage    Failure   Level
 Shock                    Conj/Air       0%         1d3       36%         1
 Summon Small Mammal      Summ           0%         N/A       36%         1
 Poisonous Vapours        Pois/Air       0%         N/A       50%         2
 Wereblood                Tmut           0%         N/A       50%         2
 Call Canine Familiar     Summ           0%         N/A       75%         3
 Mephitic Cloud           Conj/Pois/Air  0%         N/A       75%         3
 Portal Projectile        Hex/Tloc       0%         N/A       75%         3
 Summon Guardian Golem    Hex/Summ       0%         N/A       75%         3
 Swiftness                Air            0%         N/A       75%         3
 Tukima's Dance           Hex            0%         N/A       75%         3
 Airstrike                Air            0%         2d(0-16)  98%         4
 Iskenderun's Mystic Bla  Conj/Tloc      0%         2d3       98%         4
 Freezing Cloud           Conj/Ice/Air   0%         6-21      100%        5
 Irradiate                Conj/Tmut      0%         3d11      100%        5


Dungeon Overview and Level Annotations

Branches:
Dungeon (8/15) Zot: 26604  Temple (1/1) D:6 Zot: 5959
   Lair: D:8-11

Altars:
Ashenzari
Cheibriados
Dithmenos
Fedhas
Gozag
Hepliaklqana
Nemelex Xobeh
Okawaru
Ru
Sif Muna
Trog
Vehumet
Wu Jian
Xom
Yredelemnul
The Shining One

Shops:
D:2 !   D:3 *   D:5 =

Annotations:
D:4 2 runed translucent doors


Innate Abilities, Weirdness & Mutations

You are a hulking beast.
Your limbs bulge with bestial killing power. (Slay +5)
You cannot wear most types of armour.
You are amphibious.
You can wear up to eight rings at the same time.
Your skin changes colour to match your surroundings (Stealth+).
Your rubbery body absorbs attacks. (AC +1, EV +1)
((You are camouflaged when in or above water. (Stealth+)))
You have tentacles for arms and can constrict up to eight enemies at once.


Message History

You bludgeon the ogre mage! You squeeze the ogre mage!
The ogre mage is heavily wounded.
You bludgeon the ogre mage! You squeeze the ogre mage!
The ogre mage is almost dead.
The ogre mage hits you with a +0 whip!
You tentacle-slap the ogre mage but do no damage.
You tentacle-slap the ogre mage, but do no damage.
You squeeze the ogre mage!
The ogre mage is almost dead.
The ogre mage hits you with a +0 whip.
You bludgeon the ogre mage!
You kill the ogre mage!
Training target 6.0 for Dodging reached!
Training target 3.0 for Evocations reached!
Your Dodging skill increases to level 6!
Your Evocations skill increases to level 3!
Things that are here:
a +0 whip; a +0 robe
Found 12 gold pieces.
The hornet stings you.
You are poisoned.
You feel yourself slow down.
You see here a +6 ring of intelligence.
You barely miss the hornet. You grab the hornet.
You squeeze the hornet, but do no damage.
You constrict the hornet.
You feel very sick. The hornet barely misses you. The hornet stings you!
You feel as though you will be slow longer.
You completely miss the hornet. Your squeeze misses the hornet.
The hornet is lightly wounded.
You constrict the hornet.
You feel sick. The hornet completely misses you. The hornet stings you.
You feel as though you will be slow longer.
You tentacle-slap the hornet.
The hornet is moderately wounded.
You constrict the hornet.
You feel sick. The hornet stings you!
* * * LOW HITPOINT WARNING * * *
You feel as though you will be slow longer.
The hornet stings you!
You die...

#..## ... .## #..## ...
..# #..#. #.# #.# #
#..#. #.# #.#.# #..#.
#.###.#.# #.... .
##....... ####.
$...#####...##.# #.
......yh.......# #.
...#####.#####.########.
#.....##..........
##...#..#.########.
###...## .#...# #.
..#......#..#.#.# #.
........)......#.# #.
#..#..#......#.# # ##.
#. #.###...###.. ##..


You could see a hornet.

Vanquished Creatures
  An ogre mage (D:8)
  A kobold demonologist (D:6)
  Prince Ribbit (D:5)
  Eustachio (D:6)
  A steam dragon (D:6)
  A water moccasin (D:6)
  3 sky beasts
  2 ice beasts
  2 black bears
  2 ogres
  4 centaurs
  2 phantoms
  Blork the orc (D:5)
  A bullfrog (D:7)
  2 kobold brigands
  4 scorpions
  4 wights (D:7)
  A howler monkey (D:8)
  3 hounds
  3 gnoll boudas
  2 orc priests (D:3)
  Jessica (D:3)
  A sleepcap (D:7)
  3 orc wizards
  Robin (D:3)
  8 adders
  20 gnolls
  A shadow imp (D:6)
  A white imp (D:5)
  An ufetubus (D:5)
  3 worms
  4 dart slugs
  26 orcs
  4 bats
  6 endoplasms
  A giant cockroach (D:1)
  20 goblins
  10 hobgoblins
  10 jackals
  3 quokkas
  8 ball pythons
  2 frilled lizards
  13 kobolds
  6 rats
195 creatures vanquished.

Vanquished Creatures (others)
  A goblin (D:3)
1 creature vanquished.

Grand Total: 196 creatures vanquished

Notes
Turn   | Place    | Note
-------+----------+-------------------------------------------
     0 | D:1      | holysushi the Octopode Shapeshifter began the quest for the
                  | Orb.
     0 | D:1      | Reached XP level 1. HP: 14/14 MP: 1/1
    91 | D:1      | Reached XP level 2. HP: 19/19 MP: 2/2
   239 | D:1      | You fall into a shaft and drop 1 floor!
   320 | D:2      | Reached XP level 3. HP: 24/24 MP: 3/3
   430 | D:2      | Reached skill level 3 in Unarmed Combat
   430 | D:2      | Reached XP level 4. HP: 20/29 MP: 4/4
  1299 | D:2      | Found Yquhoaxtibb's Distillery.
  1303 | D:2      | Bought a potion of might for 56 gold pieces
  1303 | D:2      | Bought a potion of curing for 42 gold pieces
  1546 | D:3      | Found Jushosk's Assorted Antiques.
  1590 | D:3      | Identified the +5 dagger "Buosooci" {venom, rElec rF+ rC+}
  1607 | D:3      | Found a faded altar of an unknown god.
  1712 | D:3      | Reached XP level 5. HP: 25/34 MP: 5/5
  1849 | D:3      | Reached skill level 4 in Unarmed Combat
  1910 | D:3      | Noticed Jessica
  1917 | D:3      | Killed Jessica
  2167 | D:3      | Reached XP level 6. HP: 39/39 MP: 6/6
  2350 | D:3      | Noticed Robin
  2906 | D:3      | Killed Robin
  3137 | D:4      | Found a large runed translucent door.
  3138 | D:4      | Found a large runed translucent door.
  3151 | D:4      | Reached skill level 5 in Unarmed Combat
  3353 | D:4      | Noticed a black bear
  3356 | D:4      | Killed a black bear
  3357 | D:4      | Reached skill level 5 in Shapeshifting
  3357 | D:4      | Reached XP level 7. HP: 45/45 MP: 7/7
  3886 | D:5      | Entered Level 5 of the Dungeon
  4135 | D:5      | Reached skill level 6 in Unarmed Combat
  4369 | D:5      | Noticed Blork the orc
  4377 | D:5      | Killed Blork the orc
  4378 | D:5      | Reached XP level 8. HP: 39/50 MP: 8/8
  4531 | D:5      | Noticed Prince Ribbit
  4548 | D:5      | Killed Prince Ribbit
  4956 | D:5      | Found Ivaosm's Jewellery Shoppe.
  5098 | D:6      | Reached skill level 7 in Unarmed Combat
  5164 | D:6      | Noticed a kobold demonologist
  5483 | D:6      | Reached XP level 9. HP: 15/54 MP: 9/9
  5786 | D:6      | Reached skill level 5 in Dodging
  5919 | D:2      | Bought a potion of curing for 42 gold pieces
  5919 | D:2      | Bought a potion of enlightenment for 70 gold pieces
  5919 | D:2      | Bought a potion of heal wounds for 70 gold pieces
  6033 | D:6      | Noticed a hellwing
  6176 | D:6      | Noticed a soul eater
  6178 | D:6      | Killed a kobold demonologist
  6273 | D:6      | Reached skill level 8 in Unarmed Combat
  6385 | D:6      | Found a staircase to the Ecumenical Temple.
  6397 | D:6      | Noticed Eustachio
  6514 | D:6      | Killed Eustachio
  6725 | Temple   | Entered the Ecumenical Temple
  7049 | D:6      | Identified the +4 ring mail of Giycey {Str+2}
  7402 | D:7      | Reached skill level 1 in Evocations
  7805 | D:7      | Reached skill level 9 in Unarmed Combat
  7807 | D:7      | Found a bloodstained altar of Trog.
  7810 | D:7      | Found an ornate altar of the Wu Jian Council.
  7816 | D:7      | Found a radiant altar of Vehumet.
  7941 | D:7      | Reached XP level 10. HP: 62/62 MP: 10/10
  8646 | D:8      | Noticed an ogre mage
  8655 | D:8      | Killed an ogre mage
  8665 | D:8      | Mangled by a hornet

Illustrated notes

Levels and vault maps discovered:
D:1:      dpeg_arrival_radiant, layout_rooms, hangedman_decor_diamond_cutter
D:2:      layout_loops_ring, serial_shops, nicolae_shop_back_alley_shop,
          minmay_surrounded
D:3:      kennysheep_goblin_castle, layout_basic, serial_shops, shop,
          dreamdust_ecumenical_altar_statues, uniq_robin, uniq_jessica
D:4:      layout_loops_cross, jmf_multi_god_temple2, grunt_ministairs_15,
          minmay_gold_behind_fungi
D:5:      layout_cave_pools, serial_shops, kennysheep_mini, moated_statue,
          uniq_prince_ribbit1, uniq_blork_the_orc
D:6:      layout_basic, minmay_temple_entry_ruins, uniq_eustachio
D:7:      layout_rooms, grunt_temple_overflow_diamond
D:8:      minmay_the_grid_plus [minmay_the_grid_medium_cups,
          minmay_the_grid_eight, minmay_the_grid_large_cup, minmay_the_grid_fan,
          minmay_the_grid_prize_four_corners], layout_loops_corners
Temple:   nicolae_temple_ecumenical_triangle

Skill      XL: |  1  2  3  4  5  6  7  8  9 10 |
---------------+-------------------------------+-----
Unarmed Combat | 3 4 5 6 7 9 |  9.5
Shapeshifting  | 4 5 6 8 |  8.3
Dodging        | 4 5 6 |  6.0
Evocations     | 2 3 |  3.0
Fighting       | 3 |  3.0

Action                     |  1- 3 |  4- 6 |  7- 9 | 10-12 || total
---------------------------+-------+-------+-------+-------++-------
  Melee: Unarmed           |    35 |   152 |   174 |    32 ||   393
         Constrict         |    10 |    39 |    44 |     7 ||   100
         Tentacles         |     8 |    33 |    38 |     8 ||    87
         Punch             |     1 |     6 |     6 |     2 ||    15
  Evoke: Wand              |       |       |    24 |       ||    24
    Use: Scroll            |       |     5 |     9 |       ||    14
         Potion            |       |       |     5 |       ||     5
   Stab: Sleeping          |     2 |    12 |     8 |     2 ||    24
         Distracted        |       |     1 |     1 |       ||     2
 Armour: Skin              |     2 |    12 |     5 |     2 ||    21
  Dodge: Dodged            |    27 |    90 |   136 |    18 ||   271
         Form:             |       |       |     1 |       ||     1
         Beast             |       |       |     1 |       ||     1

Table legend: (Time is in decaauts)
 A = Elapsed time spent in this place.
 B = Non-inter-level travel time spent in this place.
 C = Inter-level travel time spent in this place.
 D = Time resting spent in this place.
 E = Time spent auto-exploring this place.
 F = Levels seen in this place.
 G = Mean time per level.
                   A        B        C        D        E       F      G
               +--------+--------+--------+--------+--------+-----+--------+
         Total |   8629 |   8179 |    450 |   2363 |   4122 |   9 |  958.8 |
       Dungeon |   8588 |   8153 |    435 |   2363 |   4122 |   8 | 1073.5 |
        Temple |     40 |     25 |     15 |      0 |      0 |   1 |   40.0 |
               +--------+--------+--------+--------+--------+-----+--------+

Top non-repeatable levels by time:
     D:6: 1573 daAuts
     D:3: 1539 daAuts
     D:5: 1466 daAuts
     D:4: 1075 daAuts
     D:2: 965 daAuts
     D:7: 886 daAuts
     D:1: 687 daAuts
     D:8: 394 daAuts
  Temple: 40 daAuts
